Map: Cerulean Fall LE

Players

MaSa - Winner!

  • Race: Terran Terran
  • League: Master
  • Spawn Location: 1:00

Stats

  • Race: Protoss Protoss
  • Spawn Location: 7:00

Event: IEM Season 13 - Katowice Server Qualifiers America

VOD

Have the link to the VOD?

Description

Time

  • Played on: Jan. 6, 2019, 4:39 p.m.
  • Length: 10:30

All games in this series

Show
View Real Time Build Order
Export as new Build Order

MaSa Terran - Winner!

Build Orders: Reaper Expand 

Get SALT Encoding   

  12  0:00  SCV  
  13  0:12  SCV  
  14  0:17  Supply Depot  
  14  0:24  SCV  
  15  0:38  SCV  
  15  0:39  Barracks  
  16  0:43  Refinery  
  16  0:50  SCV  
  17  1:03  SCV  
  18  1:15  SCV  
  19  1:26  Reaper  
  19  1:27  Orbital Command  
  20  1:50  Command Center  
  20  1:53  Supply Depot  
  20  1:56  SCV  
  20  1:58  Marine  
  22  2:05  Factory  
  22  2:09  SCV  
  22  2:14  Refinery  
  23  2:20  Barracks Reactor  
  23  2:22  SCV  
  24  2:34  SCV  
  25  2:46  SCV  
  25  2:50  Starport  
  26  2:55  Widow Mine  
  29  2:58  SCV  
  29  3:00  Marine x2  
  29  3:04  Orbital Command  
  31  3:10  SCV  
  32  3:16  Factory Tech Lab  
  32  3:17  Marine x2  
  34  3:22  SCV  
  35  3:31  SCV  
  35  3:33  Barracks  
  36  3:34  SCV  
  36  3:35  Marine x2  
  36  3:38  Banshee  
  42  3:43  SCV, Supply Depot  
  42  3:47  SCV  
  44  3:51  Factory Tech Lab  
  44  3:55  SCV  
  45  3:57  Marine, Supply Depot  
  46  4:04  Marine  
  46  4:05  SCV  
  46  4:06  Refinery  
  46  4:07  SCV  
  49  4:15  Marine  
  50  4:17  SCV  
  50  4:19  SCV  
  50  4:20  Factory Tech Lab  
  50  4:21  Raven  
  50  4:22  Marine  
  54  4:26  Barracks  
  54  4:29  SCV  
  54  4:31  SCV, Supply Depot, Engineering Bay  
  55  4:32  Marine  
  55  4:35  Stimpack  
  57  4:41  SCV  
  57  4:43  Siege Tank  
  61  4:45  Marine  
  61  4:52  Marine, SCV  
  64  4:54  Supply Depot  
  64  4:56  Refinery, SCV  
  64  4:59  Terran Infantry Weapons Level 1  
  65  5:00  Marine  
  65  5:05  SCV  
  67  5:08  SCV  
  67  5:10  Starport Reactor, Supply Depot  
  67  5:11  Marine x2  
  70  5:17  SCV  
  70  5:20  Siege Tank  
  74  5:22  SCV  
  75  5:29  SCV  
  75  5:31  Marine x2, Combat Shield  
  75  5:35  Supply Depot  
  78  5:39  SCV  
  78  5:41  SCV  
  78  5:42  Marauder x2  
  84  5:46  Medivac  
  86  5:55  Medivac  
  86  5:57  SCV x2  
  88  5:58  Supply Depot  
  88  6:02  Supply Depot  
  88  6:06  Liberator  
  88  6:08  Supply Depot  
  88  6:09  Siege Tank  
  91  6:11  Barracks, Marauder  
  91  6:12  Barracks  
  91  6:13  SCV  
  94  6:20  Marine x2  
  94  6:23  Supply Depot  
  94  6:25  SCV  
  100  6:32  Marine  
  102  6:33  Marauder  
  102  6:37  SCV  
  102  6:38  Marine  
  105  6:44  Concussive Shells  
  105  6:45  Siege Tank  
  107  6:48  Marine  
  107  6:51  Marauder  
  107  6:53  Marine  
  109  6:55  Marine  
  109  6:57  Marine  
  109  7:01  SCV  
  106  7:05  Bunker  
  106  7:06  Marine  
  107  7:12  Marauder  
  107  7:17  Marine x3, SCV, Siege Tank  
  107  7:18  Marauder  
  116  7:23  Marine  
  114  7:33  Marauder  
  114  7:35  Marine  
  114  7:36  Marine x2  
  119  7:39  Marauder  
  119  7:42  Bunker x2  
  121  7:46  Marine, Supply Depot x2  
  121  7:48  Supply Depot  
  122  7:53  Marine  
  122  7:55  Marauder  
  125  7:58  SCV  
  125  8:00  Marauder  
  125  8:05  Barracks Tech Lab, Barracks Reactor  
  125  8:06  Supply Depot  
  125  8:07  Supply Depot  
  125  8:13  Terran Infantry Armor Level 1  
  125  8:14  Medivac  
  127  8:20  Marine x2  
  127  8:21  Marauder  
  127  8:23  Missile Turret  
  131  8:34  Marine, Marauder  
  134  8:40  Marine x2  
  136  8:42  Marauder  
  136  8:47  Marine x2  
  140  8:50  SCV  
  144  8:58  Marine x2  
  146  9:03  Siege Tank  
  146  9:09  Marine  
  149  9:10  Marauder  
  149  9:12  Command Center  
  149  9:14  Marine x2  
  149  9:15  Marauder  
  149  9:16  Marine  
  153  9:17  SCV  
  153  9:24  Marine  
  149  9:25  Medivac  
  149  9:27  Marine  
  143  9:31  Marauder  
  143  9:32  Marine x2  
  143  9:35  Marine  
  143  9:36  Marauder, Siege Tank  
  132  9:42  Marine  
  132  9:45  Marine  
  128  9:50  Marine  
  128  9:51  Marauder  
  128  9:52  Marine  
  129  9:53  Marine  
  129  9:58  Marauder  
  129  9:59  Marine  
  114  10:02  Marine  
  107  10:08  Marine  
  107  10:10  Marine  
Show
View Real Time Build Order
Export as new Build Order

Stats Protoss 

Build Orders: 1 Gate Expand, Phoenix Opening, Colossus Rush 

Get SALT Encoding   

  12  0:00  Probe  
  13  0:12  Probe  
  14  0:17  Pylon  
  14  0:24  Probe  
  15  0:32  Probe  
  15  0:37  Gateway  
  15  0:40  Probe  
  16  0:46  Assimilator  
  17  0:51  Probe  
  18  1:03  Probe  
  19  1:15  Probe  
  20  1:27  Nexus  
  20  1:33  Cybernetics Core  
  20  1:35  Probe  
  21  1:40  Assimilator  
  21  1:47  Probe  
  21  1:51  Pylon  
  22  1:59  Probe  
  22  2:00  Adept  
  23  2:10  Warp Gate  
  23  2:11  Probe  
  26  2:24  Probe  
  29  2:31  Sentry  
  29  2:33  Probe  
  29  2:36  Probe  
  30  2:42  Robotics Facility  
  30  2:43  Probe  
  31  2:44  Probe  
  33  2:52  Probe  
  33  2:54  Probe  
  33  2:57  Stalker  
  37  3:04  Probe  
  37  3:05  Phoenix  
  38  3:07  Probe  
  39  3:13  Gateway  
  39  3:15  Gateway  
  39  3:17  Probe  
  39  3:19  Probe  
  41  3:22  Pylon  
  41  3:29  Observer, Probe  
  41  3:31  Probe  
  41  3:32  Stalker  
  46  3:39  Assimilator  
  46  3:41  Probe  
  46  3:42  Assimilator  
  46  3:43  Probe  
  48  3:51  Observer, Pylon  
  48  3:53  Probe  
  48  3:55  Probe  
  51  4:04  Pylon  
  51  4:07  Shield Battery  
  51  4:09  Probe x2  
  53  4:21  Robotics Bay  
  53  4:23  Stalker  
  53  4:24  Stalker x2  
  59  4:25  Observer  
  59  4:28  Shield Battery  
  60  4:32  Probe  
  60  4:33  Probe  
  60  4:34  Pylon  
  60  4:35  Observer  
  60  4:36  Twilight Council  
  62  4:53  Observer  
  62  4:55  Colossus  
  62  4:58  Nexus  
  62  4:59  Pylon  
  62  5:12  Extended Thermal Lance  
  68  5:19  Blink  
  69  5:21  Probe x2  
  69  5:26  Forge  
  69  5:27  Forge  
  70  5:33  Probe x2  
  70  5:34  Colossus  
  72  5:45  Probe x2  
  80  5:55  Protoss Ground Weapons Level 1, Protoss Ground Armor Level 1  
  80  6:01  Templar Archives  
  80  6:02  Gateway  
  80  6:06  Gateway  
  80  6:07  Gateway  
  80  6:09  Probe x2  
  82  6:16  Probe  
  83  6:21  Probe x2  
  83  6:23  Colossus  
  85  6:30  Probe  
  92  6:33  Probe x2, Shield Battery  
  94  6:42  Probe  
  94  6:45  Probe x2, High Templar  
  99  6:47  Pylon  
  99  6:51  Zealot x2  
  97  7:05  Zealot x3  
  97  7:08  Pylon x2  
  101  7:09  Pylon  
  101  7:13  Colossus  
  101  7:20  Pylon x2  
  101  7:21  Pylon  
  99  7:29  Zealot x3, Stalker x2  
  115  7:33  Zealot  
  117  7:41  Charge  
  116  7:49  Pylon  
  111  7:54  High Templar  
  111  7:55  Zealot x5  
  122  8:01  Colossus  
  126  8:15  Archon  
  126  8:20  Pylon  
  126  8:23  Pylon  
  126  8:40  Observer, Stalker  
  126  8:41  Zealot x2, Stalker x2  
  132  8:42  Zealot  
  123  9:10  Zealot x2  
  123  9:11  Zealot x4  
  123  9:13  Assimilator x2  
  135  9:19  Observer  
  111  9:33  Stalker  
  111  9:34  Stalker x4  
  111  9:35  Stalker  
  60  10:19  Stalker x5  
  60  10:26  Gateway x2  

Tags
 
Add a new tag
Caveats
  • Supply blocks, unpowered buildings, or Contaminate may cause inaccurate times.
  • Supply counts are checked every 10 seconds.